 Dungeon Crawl Stone Soup version 0.18.1-50-g88ac8fd (webtiles) character file.

26 Korbac the Conjurer (level 2, 0/13 HPs)
             Began as a Spriggan Conjurer on Oct 16, 2016.
             Slain by a goblin
             ... wielding a +0 dagger
             ... led by Robin
              (1 damage)
             ... on level 1 of the Dungeon.
             The game lasted 00:06:45 (1004 turns).

Korbac the Conjurer (Spriggan Conjurer)             Turns: 1004, Time: 00:06:45

Health: 0/13       AC:  2    Str:  4    XL:     2   Next: 89%
Magic:  2/6        EV: 18    Int: 16    God:
Gold:   74         SH:  0    Dex: 16    Spells: 2 memorised, 3 levels left

rFire  . . .     SeeInvis +     h - +0 dagger
rCold  . . .     Gourm    .     a - +0 robe
rNeg   . . .     Faith    .     (shield restricted)
rPois  .         Spirit   .     (helmet restricted)
rElec  .         Dismiss  .     (no cloak)
rCorr  .         Reflect  .     (gloves unavailable)
SustAt .         Harm     .     (boots unavailable)
MR     .....                    (no amulet)
Stlth  +++.......               (no ring)
                                (no ring)

@: very quick, not resistant to hostile enchantments, fairly stealthy
A: unfitting armour, see invisible, herbivore 3, speed 3, slow metabolism 2
a: no special abilities


You were on level 1 of the Dungeon.
You were not hungry.

You visited 1 branch of the dungeon, and saw 2 of its levels.

You collected 74 gold pieces.

Inventory:

Hand Weapons
 h - a +0 dagger (weapon)
 i - a +0 dagger (quivered)
Armour
 a - a +0 robe (worn)
 j - a +1 helmet
Scrolls
 d - a scroll of noise {unknown}
 k - 2 scrolls of fear {unknown}
Potions
 e - a potion of degeneration {unknown}
 f - a potion of invisibility {unknown}
 l - a potion of resistance {unknown}
Books
 b - a book of Conjurations

   Spells                             Type                      Level
   a - Magic Dart                     Conjuration                  1
   b - Searing Ray                    Conjuration                  2
   c - Dazzling Spray                 Conjuration/Hexes            3
   d - Fulminant Prism                Conjuration/Hexes            4
   e - Iskenderun's Mystic Blast      Conjuration                  4
   f - Iskenderun's Battlesphere      Conjuration/Charms           5
Comestibles
 c - a bread ration


   Skills:
 * Level 0.2 Fighting
 * Level 3.4 Dodging
 - Level 3.0 Stealth
 * Level 2.8 Spellcasting
 * Level 3.4 Conjurations


You had 3 spell levels left.
You knew the following spells:

 Your Spells              Type           Power        Failure   Level  Hunger
a - Magic Dart            Conj           ##..         6%          1    #......
b - Searing Ray           Conj           ##....       10%         2    ##.....


Dungeon Overview and Level Annotations

Branches:
Dungeon (2/15)

Altars:

Annotations:
D:2 Robin


Innate Abilities, Weirdness & Mutations

You are tiny and cannot use many weapons and most armour.
You have supernaturally acute eyesight.
You are a herbivore.
You cover ground extremely quickly.
You need consume almost no food.


Message History

The goblins go into a battle-frenzy!
The goblin hits you with a club. The goblin hits you.
* * * LOW HITPOINT WARNING * * *
The goblin hits you but does no damage.
You climb upwards.
There is a stone staircase leading down here.
Unknown command.
Drink which item? (? for menu, Esc to quit)
Okay, then.
Read which item? (? for menu, Esc to quit)
As you read the scroll of immolation, it crumbles to dust.
The creatures around you are filled with an inner flame!
The goblin completely misses you. x2; The goblin misses you.
Drink which item? (? for menu, Esc to quit)
Okay, then.
Read which item? (? for menu, Esc to quit)
As you read the scroll of immolation, it crumbles to dust.
The creatures around you are filled with an inner flame!
The goblin completely misses you. The goblin hits you with a dagger.
You die...

#.#.###########.#..# #.#.#
#.#..# #.#.# #.#..# #.#.#
#.#..# #.#.# #.#..# #.#.#
#.#†.# #.#.# #.#..#
###.#.###########.#..#########
#...#.........g@g..........>.##
###.###########g#.#...........#
#.# ####.#.##.########.## #.#
#.................... #.#
#.#######.#####....## #.# #.#
..# #...... #.#
#.#.###############.# #.#
#.#.................. #.#
#.#########.(........


You could see 3 goblins.

Vanquished Creatures
  An ooze (D:1)
  A dart slug (D:1)
  A giant gecko (D:1)
  2 giant cockroaches
  2 goblins (D:2)
  2 hobgoblins (D:1)
  2 bats (D:1)
  A giant newt (D:1)
  2 kobolds (D:1)
  5 rats
19 creatures vanquished.

Notes
Turn   | Place    | Note
--------------------------------------------------------------
     0 | D:1      | Korbac the Spriggan Conjurer began the quest for the Orb.
     0 | D:1      | Reached XP level 1. HP: 9/9 MP: 5/5
   314 | D:1      | Reached XP level 2. HP: 4/13 MP: 0/6
   675 | D:1      | Learned a level 2 spell: Searing Ray
   997 | D:2      | Noticed Robin
  1004 | D:1      | Slain by a goblin

Skill      XL: |  1 |
---------------+----+-----
Conjurations   | 3 |  3.4
Fighting       | |  0.2
Dodging        | |  3.4
Stealth        | |  3.0
Spellcasting   | |  2.8

Action                   || total
-------------------------++-------
Melee: Unarmed           ||    10
       Dagger            ||     8
 Cast: Magic Dart        ||    39
  Use: Scroll            ||     3
 Stab: Sleeping          ||     1
Armor: Robe              ||     3
Dodge: Dodged            ||    37
